 Dungeon Sprint DCSS version 0.23-a0-577-g2b1de94 (webtiles) character file.

30972 Ghella the Formicid Catastrophe (level 13, -14/109 HPs)
             Began as a Formicid Fighter on Dec 15, 2018.
             Was an Elder of Qazlal.
             Demolished by an Ice Fiend (45 damage)
             ... summoned by a lich
             ... in the Dungeon (Sprint VII: "The Pits").
             The game lasted 00:20:35 (4737 turns).

Ghella the Formicid Catastrophe (Formicid Fighter)  Turns: 4737, Time: 00:20:36

Health: -14/109    AC: 29    Str: 25    XL:     13   Next: 92%
Magic:  35/36      EV: 11    Int:  9    God:    Qazlal [****..]
Gold:   17         SH: 21    Dex: 14    Spells: 12/12 levels left

rFire    . . .     SeeInvis +   v - +1 broad axe (chop)
rCold    . . .     Gourm    .   c - +0 shield
rNeg     . . .     Faith    +   s - +2 plate armour
rPois    .         Spirit   .   (helmet unavailable)
rElec    .         Reflect  .   i - +0 cloak
rCorr    .         Harm     .   w - +0 pair of gloves
MR       +....                  G - +2 pair of boots {Fly}
Stlth    ..........             D - amulet of faith (curse)
HPRegen  0.28/turn              a - +3 ring of evasion
MPRegen  0.25/turn              F - ring of magical power

@: lethally poisoned (-14 -> -45), flying, repel missiles
A: permanent stasis, dig shafts and tunnels, four strong arms, antennae 3,
iridescent scales 1, thin skeletal structure 1, agile 1
a: Dig, Upheaval, Elemental Force, Renounce Religion, Stop Flying


You were in the Dungeon.
You worshipped Qazlal.
Qazlal was greatly pleased with you.
You were not hungry.

You visited 1 branch You collected 17 gold pieces.

Inventory:

Hand Weapons
 r - a +2 hand axe of chopping
 t - the +4 dagger "Morg" {pain, MR+ Int+5}
   (You found it in the Dungeon)

   In the hands of one skilled in necromantic magic, it inflicts extra damage on
   living creatures.
   It affects your intelligence (+5).
   It affects your resistance to hostile enchantments.
 u - the +2 dire flail "Kamycufu" {drain, rC++}
   (You found it in the Dungeon)

   A truly terrible weapon, it drains the life of those it strikes.
   It greatly protects you from cold.
 v - a +1 broad axe of chopping (weapon)
Armour
 c - a +0 shield (worn)
 i - a +0 cloak (worn)
 s - a +2 plate armour (worn)
 w - a +0 pair of gloves (worn)
 G - a +2 pair of boots of flying (worn)
Jewellery
 a - a +3 ring of evasion (left hand)
 b - a +3 ring of intelligence
 B - an uncursed ring of protection from magic
 D - a cursed amulet of faith (around neck)
 E - an uncursed ring of protection from fire
 F - a ring of magical power (right hand)
Scrolls
 k - 3 scrolls of blinking
 n - 3 scrolls of remove curse
 o - 5 scrolls of amnesia
 p - a scroll of summoning
 q - 2 scrolls of vulnerability
 x - 2 scrolls of identify
 y - 2 scrolls of enchant weapon
 z - 6 scrolls of enchant armour
 A - a scroll of fear
 C - a scroll of magic mapping
Potions
 d - 3 potions of might
 e - 5 potions of curing
 g - 2 potions of heal wounds
 h - 5 potions of haste
 j - 6 potions of berserk rage
 l - 2 potions of brilliance
 m - 3 potions of invisibility
Comestibles
 f - 8 rations


   Skills:
 + Level 12.6 Fighting
 + Level 16.0 Axes
 * Level 17.7 Armour
 + Level 19.2 Shields
 * Level 20.0 Invocations


You had 12 spell levels left.
You didn't know any spells.
Your spell library was empty.

Dungeon Overview and Level Annotations

Branches:
Dungeon (1/1)

Altars:
Ashenzari
Cheibriados
Dithmenos
Elyvilon
Fedhas
Gozag
Hepliaklqana
Kikubaaqudgha
Makhleb
Nemelex Xobeh
Okawaru
Qazlal
Ru
Sif Muna
Trog
Uskayaw
Vehumet
Wu Jian
Xom
Yredelemnul
Zin
The Shining One
Beogh
Jiyva
Lugonu


Innate Abilities, Weirdness & Mutations

You cannot be hasted, slowed, berserked, paralysed or teleported.
You can dig through walls and to a lower floor.
Your four strong arms can wield two-handed weapons with a shield.
You have a pair of large antennae on your head. (SInv)
You are partially covered in iridescent scales. (AC +2)
You have a somewhat thin skeletal structure. (Dex +2, Stealth)
You are agile. (Dex +2)


Message History

The deep elf annihilator is almost dead.
You feel sick.
The deep elf annihilator casts a spell at you.
The poison arrow hits you!
You are more poisoned.
You slice the deep elf annihilator!!
You kill the deep elf annihilator!
Qazlal accepts your kill.
The storm surrounding you is powerful enough to repel missiles.
You adapt resistances upon receiving elemental damage.
Your Axes skill increases to level 16!
Your Invocations skill increases to level 20!
You hit the Ice Fiend but do no damage.
* * * LOW HITPOINT WARNING * * *
You feel very sick.
The Ice Fiend is struck by lightning.
You block the Ice Fiend's attack. The Ice Fiend claws you.
* * * LOW HITPOINT WARNING * * *
The Ice Fiend freezes you!!!
You die...

###'##................##..# {
))'.##......#..#......##..#
###.##)))..)..............#
.....').))).).............#######
.#####))))..#..#.....)##....L....
.#[)##...).........)..##.........
.#))#####'#####.L################
##))##...)...##1)##### #########
.#.)##.......##.@(...# #........
.#..##.......##.(ยง...# #.......
##'###...<...###.(..## ####...##
)...##.......# ##))## ###......'.
....##.......###.)..###)...##.##.
######.......##......#....##..(##
.#..###########...........'..)..'
.#.############......#.).)##...##
.#.#....#...[###....###....##.##.


You could see an Ice Fiend and a lich (invisible).

Vanquished Creatures
  An ancient lich (D)
  Gastronok (D)
  2 ghost moths (D)
  A draconian stormcaller (D)
  A deep elf demonologist (D)
  A deep elf annihilator (D)
  A deep elf death mage (D)
  A deep elf high priest (D)
  2 ogre magi (D)
  A naga warrior (D)
  4 two-headed ogres (D)
  An orc high priest (D)
  A salamander mystic (D)
  An unseen horror (D)
  A swamp dragon (D)
  An orc knight (D)
  An orc sorcerer (D)
  2 manticores (D)
  A smoke demon (D)
  A molten gargoyle (D)
  An elephant (D)
  A demonic crawler (D)
  2 spiny frogs (D)
  A freezing wraith (D)
  A hellwing (D)
  3 kobold demonologists (D)
  2 polar bears (D)
  A jumping spider (D)
  2 hornets (D)
  2 hippogriffs (D)
  A ynoxinul (D)
  A spriggan (D)
  A flying skull (D)
  6 redbacks (D)
  A shadow (D)
  A fire bat (D)
  A wraith (D)
  Menkaure (D)
  A warg (D)
  A soldier ant (D)
  2 nagas (D)
  A large abomination (D)
  A black bear (D)
  A necrophage (D)
  4 ogres (D)
  An eye of draining (D)
  5 orc warriors (D)
  A phantom (D)
  6 wolves (D)
  A centaur (D)
  A crocodile (D)
  A big kobold (D)
  A bullfrog (D)
  An earth elemental (D)
  2 scorpions (D)
  4 orc wizards (D)
  A mummy (D)
  A river rat (D)
  An ooze (D)
  2 ufetubi (D)
  A worm (D)
  A leopard gecko (D)
  3 orcs (D)
  2 bats (D)
  A bat zombie (D)
  A goblin (D)
  4 hobgoblins (D)
  8 jackals (D)
  A quokka (D)
  2 ball pythons (D)
  8 kobolds (D)
127 creatures vanquished.

Vanquished Creatures (collateral kills)
  An anaconda (D)
1 creature vanquished.

Grand Total: 128 creatures vanquished

Notes
Turn   | Place    | Note
-------+----------+-------------------------------------------
     0 | D        | Ghella the Formicid Fighter began the quest for the Orb.
     0 | D        | Reached XP level 1. HP: 18/18 MP: 1/1
    21 | D        | Found a bloodstained altar of Trog.
    21 | D        | Found a deep blue altar of Sif Muna.
    21 | D        | Found a viscous altar of Jiyva.
    21 | D        | Found a hazy altar of Hepliaklqana.
    21 | D        | Found an opulent altar of Gozag.
    26 | D        | Found a glowing golden altar of the Shining One.
    26 | D        | Found a glowing silver altar of Zin.
    26 | D        | Found a basalt altar of Yredelemnul.
    26 | D        | Found a shimmering altar of Xom.
    26 | D        | Found an ornate altar of the Wu Jian Council.
    26 | D        | Found a sacrificial altar of Ru.
    26 | D        | Found a stormy altar of Qazlal.
    26 | D        | Found an iron altar of Okawaru.
    26 | D        | Found a sparkling altar of Nemelex Xobeh.
    26 | D        | Found a burning altar of Makhleb.
    26 | D        | Found a blossoming altar of Fedhas.
    26 | D        | Found a white marble altar of Elyvilon.
    26 | D        | Found a shadowy altar of Dithmenos.
    26 | D        | Found a snail-covered altar of Cheibriados.
    28 | D        | Found a corrupted altar of Lugonu.
    28 | D        | Found a radiant altar of Vehumet.
    28 | D        | Found a roughly hewn altar of Beogh.
    29 | D        | Found an ancient bone altar of Kikubaaqudgha.
    29 | D        | Found a hide-covered altar of Uskayaw.
    29 | D        | Found a shattered altar of Ashenzari.
    36 | D        | Became a worshipper of Qazlal Stormbringer
    80 | D        | Reached XP level 2. HP: 23/25 MP: 2/2
   107 | D        | Reached * piety under Qazlal
   123 | D        | Reached ** piety under Qazlal
   125 | D        | Reached skill level 5 in Shields
   125 | D        | Reached skill level 1 in Invocations
   125 | D        | Reached XP level 3. HP: 25/31 MP: 3/3
   299 | D        | Reached *** piety under Qazlal
   486 | D        | Reached **** piety under Qazlal
   501 | D        | Reached ***** piety under Qazlal
   501 | D        | Reached skill level 5 in Armour
   515 | D        | Noticed a necrophage
   536 | D        | Killed a necrophage
   536 | D        | Reached skill level 5 in Fighting
   536 | D        | Reached XP level 4. HP: 31/36 MP: 5/5
   536 | D        | Reached XP level 5. HP: 35/41 MP: 6/6
   638 | D        | Noticed a crocodile
   654 | D        | Killed a crocodile
   654 | D        | Reached XP level 6. HP: 20/49 MP: 7/7
   924 | D        | Noticed Menkaure
   924 | D        | Noticed a demonic crawler
   925 | D        | Noticed a wraith
   927 | D        | Killed Menkaure
   954 | D        | Killed a demonic crawler
   954 | D        | Reached skill level 2 in Invocations
   954 | D        | Reached XP level 7. HP: 34/60 MP: 1/8
   957 | D        | Killed a wraith
   957 | D        | Reached skill level 10 in Armour
   957 | D        | Reached skill level 10 in Shields
   957 | D        | Reached XP level 8. HP: 39/67 MP: 1/10
  1187 | D        | Noticed a fire bat
  1199 | D        | Killed a fire bat
  1199 | D        | Reached skill level 10 in Axes
  1213 | D        | Found the +4 dagger "Morg" {pain, MR+ Int+5}
  1339 | D        | Got the +2 dire flail "Kamycufu" {drain, rC++}
  1413 | D        | Noticed a hellwing
  1418 | D        | Reached skill level 3 in Invocations
  1422 | D        | Killed a hellwing
  1422 | D        | Reached ****** piety under Qazlal
  1422 | D        | Reached skill level 4 in Invocations
  1422 | D        | Reached XP level 9. HP: 52/74 MP: 4/12
  1423 | D        | Noticed a smoke demon
  1426 | D        | Noticed a spiny frog
  1463 | D        | Killed a spiny frog
  1473 | D        | Killed a smoke demon
  1473 | D        | Reached skill level 5 in Invocations
  1824 | D        | Noticed an unseen horror
  1828 | D        | Noticed a spiny frog
  1829 | D        | Noticed a kobold demonologist
  1831 | D        | Noticed a molten gargoyle
  1832 | D        | Noticed a hellwing
  1832 | D        | Noticed a hornet
  1833 | D        | Noticed a hellwing
  1835 | D        | Reached skill level 6 in Invocations
  1836 | D        | Killed a kobold demonologist
  1840 | D        | Noticed a swamp dragon
  1841 | D        | Killed a molten gargoyle
  1841 | D        | Reached skill level 7 in Invocations
  1841 | D        | Killed an unseen horror
  1841 | D        | Reached skill level 8 in Invocations
  1841 | D        | Reached XP level 10. HP: 75/82 MP: 14/16
  1872 | D        | Killed a spiny frog
  1872 | D        | Reached skill level 9 in Invocations
  1885 | D        | Killed a swamp dragon
  1885 | D        | Reached skill level 10 in Invocations
  1949 | D        | Noticed a manticore
  1963 | D        | Killed a manticore
  1966 | D        | Reached skill level 11 in Invocations
  1969 | D        | Noticed an orc high priest
  1971 | D        | Noticed an orc sorcerer
  1975 | D        | Noticed a smoke demon
  1975 | D        | Killed an orc sorcerer
  1975 | D        | Reached skill level 15 in Shields
  1980 | D        | Killed an orc high priest
  1980 | D        | Reached XP level 11. HP: 51/89 MP: 13/19
  1995 | D        | Noticed an anaconda
  2020 | D        | Killed an anaconda
  2020 | D        | Reached skill level 12 in Invocations
  2222 | D        | Noticed Gastronok
  2239 | D        | HP: 2/90 [Gastronok/the air (35)]
  2246 | D        | Killed Gastronok
  2246 | D        | Reached skill level 15 in Armour
  2246 | D        | Reached skill level 13 in Invocations
  2267 | D        | Reached skill level 10 in Fighting
  2302 | D        | Noticed an ogre mage
  2650 | D        | Noticed a ghost moth
  2669 | D        | Killed a ghost moth
  2674 | D        | Noticed a two-headed ogre
  2712 | D        | Noticed a two-headed ogre
  2808 | D        | Killed a two-headed ogre
  2808 | D        | Reached XP level 12. HP: 57/98 MP: 13/22
  2812 | D        | Killed a two-headed ogre
  2812 | D        | Reached skill level 14 in Invocations
  3053 | D        | Noticed a two-headed ogre
  3053 | D        | Noticed a two-headed ogre
  3063 | D        | Killed a two-headed ogre
  3065 | D        | Killed a two-headed ogre
  3066 | D        | Killed an ogre mage
  3246 | D        | Gained mutation: You have a somewhat thin skeletal
                  | structure. (Dex +2, Stealth) [potion of mutation]
  3246 | D        | Gained mutation: You are agile. (Dex +2) [potion of
                  | mutation]
  3246 | D        | Gained mutation: You are partially covered in iridescent
                  | scales. (AC +2) [potion of mutation]
  3467 | D        | Noticed a naga warrior
  3468 | D        | Noticed a salamander mystic
  3479 | D        | Killed a naga warrior
  3483 | D        | Reached skill level 15 in Invocations
  3484 | D        | Killed a salamander mystic
  3549 | D        | Noticed a ghost moth
  3560 | D        | Reached skill level 15 in Axes
  3563 | D        | Killed a ghost moth
  3563 | D        | Reached XP level 13. HP: 62/108 MP: 0/24
  3951 | D        | Noticed a deep elf annihilator
  3951 | D        | Noticed an ancient lich
  3957 | D        | Noticed a deep elf death mage
  3961 | D        | Noticed a deep elf demonologist
  4076 | D        | Killed a deep elf demonologist
  4162 | D        | Noticed a lorocyproca
  4169 | D        | Noticed a Brimstone Fiend
  4197 | D        | Noticed a blizzard demon
  4205 | D        | Killed an ancient lich
  4205 | D        | Reached skill level 18 in Invocations
  4482 | D        | Killed a deep elf death mage
  4492 | D        | Reached skill level 19 in Invocations
  4499 | D        | Noticed a yellow draconian stormcaller
  4512 | D        | Killed a yellow draconian stormcaller
  4526 | D        | Noticed a deep elf high priest
  4530 | D        | Killed a deep elf high priest
  4727 | D        | Noticed a lich
  4734 | D        | Noticed an Ice Fiend
  4737 | D        | Killed a deep elf annihilator
  4737 | D        | Reached skill level 20 in Invocations
  4737 | D        | Demolished by an Ice Fiend

Vault maps used:
D:        pitsprint

Skill      XL: |  1  2  3  4  5  6  7  8  9 10 11 12 13 |
---------------+----------------------------------------+-----
Shields        | 4 5 6 7 9 10 11 13 15 16 18 19 | 19.2
Fighting       | 4 5 6 7 8 9 10 12 | 12.6
Armour         | 4 6 7 9 10 11 13 14 15 16 17 | 17.7
Invocations    | 1 2 4 8 11 13 15 20 | 20.0
Axes           | 6 7 9 10 11 12 13 15 16 | 16.0

Action                   |  1- 3 |  4- 6 |  7- 9 | 10-12 | 13-15 || total
-------------------------+-------+-------+-------+-------+-------++-------
Melee: Hand axe          |    70 |    39 |    12 |       |       ||   121
       War axe           |     4 |       |       |       |       ||     4
       Broad axe         |       |       |    32 |   191 |    68 ||   291
Invok: Upheaval          |       |     2 |     4 |    12 |    19 ||    37
       Disaster Area     |       |       |     2 |     3 |       ||     5
       Elemental Force   |       |       |       |     1 |    10 ||    11
  Use: Potion            |       |     2 |     2 |     6 |    12 ||    22
  Eat: Ration            |       |       |     1 |       |     1 ||     2
       Chunk             |       |       |       |     5 |     1 ||     6
Armor: Scale mail        |    20 |       |       |       |       ||    20
       Plate armour      |    13 |    37 |    25 |    69 |    24 ||   168
Dodge: Dodged            |    19 |    13 |     7 |    49 |    12 ||   100
       Deflected         |       |       |     3 |     1 |       ||     4
Block: Shield            |    45 |    49 |    82 |   256 |    57 ||   489

Table legend:
 A = Non-vault XP
 B = Vault XP
 C = Vault XP percentage of total XP
 D = Non-vault monster count
 E = Vault monster count
 F = Vault count percentage of total count
                 A         B        C        D         E       F
            +---------+---------+-------+---------+---------+-------
      Total |       0 |   44247 | 100.0 |       0 |     128 | 100.0
            +---------+---------+-------+---------+---------+-------
          D |       0 |   44247 | 100.0 |       0 |     128 | 100.0
            +---------+---------+-------+---------+---------+-------
